 Dungeon Crawl Stone Soup version 0.23.2-40-g277498a001 (webtiles) character file.

Game seed: 43137379658961925

7 Exodus22XD the Magician (level 1, 13/13 HPs)
             Began as a Mummy Wizard on Sept 1, 2019.
             Quit the game on level 1 of the Dungeon.
             The game lasted 00:00:41 (369 turns).

Exodus22XD the Magician (Mummy Wizard)               Turns: 369, Time: 00:00:42

Health: 13/13      AC:  2    Str: 10    XL:     1   Next: 83%
Magic:  2/6        EV: 12    Int: 17    God:
Gold:   9          SH:  0    Dex: 10    Spells: 8/9 levels left

rFire    x . .     SeeInvis .   (no weapon)
rCold    + . .     Gourm    .   (no shield)
rNeg     + + +     Faith    .   a - +0 robe
rPois    ∞         Spirit   .   b - +0 hat
rElec    .         Reflect  .   (no cloak)
rCorr    .         Harm     .   (no gloves)
MR       .....                  (no boots)
Stlth    ++........             (no amulet)
HPRegen  0.04/turn              (no ring)
MPRegen  0.10/turn              (no ring)

@: no status effects
A: no food or potions, fire vulnerability, cold resistance 1, negative energy
resistance 3, torment resistance, unbreathing
a: no special abilities


You were on level 1 of the Dungeon.
You were not hungry.

You visited 1 branch of the dungeon, and saw 1 of its levels.

You collected 9 gold pieces.

Inventory:

Armour
 a - a +0 robe (worn)
 b - a +0 hat (worn)
Scrolls
 c - a scroll of fear {unknown}
 d - a scroll of enchant armour {unknown}
 e - a scroll of remove curse {unknown}


   Skills:
 - Level 1.6 Dodging
 - Level 1.5 Stealth
 - Level 4.5 Spellcasting
 * Level 0.7 Conjurations
   Level 0.7 Summonings
   Level 0.7 Translocations


You had 8 spell levels left.
You knew the following spells:

 Your Spells              Type           Power        Failure   Level  Hunger
a - Magic Dart            Conj           #...         11%         1    N/A

Your spell library contained the following spells:

 Spells                   Type           Power        Failure   Level  Hunger
 Blink                    Tloc           N/A          17%         2    N/A
 Call Imp                 Summ           #.......     17%         2    N/A
 Slow                     Hex            #.......     22%         2    N/A
 Conjure Flame            Conj/Fire      #.......     36%         3    N/A
 Mephitic Cloud           Conj/Pois/Air  #.......     38%         3    N/A

Dungeon Overview and Level Annotations

Branches:
Dungeon (1/15)

Altars:


Innate Abilities, Weirdness & Mutations

You do not eat or drink.
Your flesh is vulnerable to fire.
You are immune to poison.
Your flesh is cold resistant. (rC+)
You are immune to negative energy. (rN+++)
You are immune to unholy pain and torment.
You can survive without breathing.


Message History

Aiming: Magic Dart (safe; 11% risk of failure)
Press: ? - help, Shift-Dir - straight line, f/p - hobgoblin
Aim: a hobgoblin, wielding a +0 club The magic dart hits the hobgoblin but does no damage.
Casting: Magic Dart (safe; 11% risk of failure)
Confirm with . or Enter, or press ? or * to list all spells.
Aiming: Magic Dart (safe; 11% risk of failure)
Press: ? - help, Shift-Dir - straight line, f/p - hobgoblin
Aim: a hobgoblin, wielding a +0 club The magic dart hits the hobgoblin.
The hobgoblin is severely wounded.
Casting: Magic Dart (safe; 11% risk of failure)
Confirm with . or Enter, or press ? or * to list all spells.
Aiming: Magic Dart (safe; 11% risk of failure)
Press: ? - help, Shift-Dir - straight line, f/p - hobgoblin
Aim: a hobgoblin, wielding a +0 club (severely wounded)
The magic dart hits the hobgoblin.
The hobgoblin is almost dead.
Autopickup is now off.
Are you sure you want to abandon this character and quit the game? (Confirm with "yes".)

..⌠....#....⌠.....#.
⌠..(.#####....⌠..##.
...## ###....##.. . .##
###.###.# #.###
##############....
....g. .................
###...##.##.#..###...#.#
#........##.#..###...#.#
###...#@.............#..
......................>.
.....######.#..###...#.#
#.#. #.##.###...#.# ..
#............. #.
#.##.###...... #
##.######.##.###.....#
.......(.............#
##.#####..##.#.#.....#


You could see a hobgoblin.

Vanquished Creatures
  A leopard gecko (D:1)
  A bat (D:1)
  2 ball pythons (D:1)
  A kobold (D:1)
  A rat (D:1)
6 creatures vanquished.

Notes
Turn   | Place    | Note
-------+----------+-------------------------------------------
     0 | D:1      | Exodus22XD the Mummy Wizard began the quest for the Orb.
     0 | D:1      | Reached XP level 1. HP: 13/13 MP: 5/5
   369 | D:1      | Quit the game

Action                   || total
-------------------------++-------
 Cast: Magic Dart        ||    18
Armor: Robe              ||     1
Dodge: Dodged            ||     2
